 Dungeon Crawl Stone Soup version 0.32-a0-928-g1cae6b7ea0 (webtiles) character file.

Game seed: 18035146446599031878

42 zazu2006 the Protected (level 3, -2/28 HPs)
             Began as a Gnoll Wanderer on Apr 12, 2024.
             Slain by a gnoll
             ... wielding a +0 whip
              (6 damage)
             ... on level 2 of the Dungeon.
             The game lasted 00:03:08 (773 turns).

zazu2006 the Protected (Gnoll Wanderer)              Turns: 773, Time: 00:03:08

Health: -2/28      AC: 11    Str: 10 (11) XL:     3   Next: 54%
Magic:  4/5        EV:  5    Int: 10 (11) God:
Gold:   135        SH:  9    Dex: 12 (13) Spells: 3/3 levels left

rFire   . . .        a - +0 spear
rCold   . . .        c - +0 buckler
rNeg    . . .        b - +0 chain mail
rPois   .            (no helmet)
rElec   .            (no cloak)
rCorr   .            (no gloves)
SInv    .            (no boots)
Will    .....        e - amulet of reflection Stlth
                     g - ring of wizardry
HPRegen 0.24/turn    (no ring)
MPRegen 0.09/turn

%: reflection, wizardry (x1)
@: no status effects
A: fangs 1, strong nose, distributed training
a: no special abilities


You were on level 2 of the Dungeon.
You visited 1 branch of the dungeon, and saw 2 of its levels.

You collected 135 gold pieces.

Inventory:

Hand Weapons
 a - a +0 spear (weapon)
Missiles
 d - 3 boomerangs (quivered)
 i - 2 datura-tipped darts
Armour
 b - a +0 chain mail (worn)
 c - a +0 buckler (worn)
Jewellery
 e - an amulet of reflection (around neck)
 g - a ring of wizardry (left hand)
 h - a ring of fire
Scrolls
 f - a scroll of butterflies {unknown}


   Skills:
 + Level 2.6 Fighting
 + Level 0.9 Short Blades
 + Level 0.9 Long Blades
 + Level 0.9 Axes
 + Level 0.9 Maces & Flails
 + Level 2.6 Polearms
 + Level 0.9 Staves
 + Level 0.9 Ranged Weapons
 + Level 0.9 Throwing
 + Level 8.5 Armour
 + Level 2.6 Dodging
 + Level 0.9 Stealth
 + Level 2.6 Shields
 + Level 0.9 Unarmed Combat
 + Level 0.9 Spellcasting
 + Level 0.6 Conjurations
 + Level 0.6 Hexes
 + Level 0.6 Summonings
 + Level 0.6 Necromancy
 + Level 0.6 Translocations
 + Level 0.6 Fire Magic
 + Level 0.6 Ice Magic
 + Level 0.6 Air Magic
 + Level 0.6 Earth Magic
 + Level 0.6 Alchemy
 + Level 2.7 Invocations
 + Level 2.6 Evocations
 + Level 0.7 Shapeshifting


You had 3 spell levels left.
You didn't know any spells.
Your spell library was empty.

Dungeon Overview and Level Annotations

Branches:
Dungeon (2/15)

Altars:


Innate Abilities, Weirdness & Mutations

You have very sharp teeth.
Your uncanny sense of smell can sniff out nearby items.
Your experience applies equally to all skills.


Message History

You hit the gnoll but do no damage.
The gnoll is severely wounded.
You block the gnoll's attack. The gnoll hits you but does no damage.
The gnoll hits you with a +0 club.
You hit the gnoll.
The gnoll is almost dead.
You block the gnoll's attack. x2; The gnoll hits you but does no damage.
You closely miss the gnoll.
The gnoll is almost dead.
The gnoll hits you with a +0 club. You block the gnoll's attack.
The gnoll hits you but does no damage.
You hit the gnoll.
You kill the gnoll!
You block the gnoll's attack. The gnoll hits you but does no damage.
You feel your strength returning. The gnoll hits you with a +0 whip.
The gnoll attacks as it pursues you! You block the gnoll's attack.
Things that are here:
a +0 club; a gnoll corpse You hit the gnoll.
The gnoll is moderately wounded.
The gnoll hits you but does no damage. The gnoll hits you with a +0 whip.
You hit the gnoll.
The gnoll is heavily wounded.
The gnoll hits you with a +0 whip.
* * * LOW HITPOINT WARNING * * *
You hit the gnoll but do no damage.
The gnoll is heavily wounded.
The gnoll completely misses you.
You hit the gnoll.
The gnoll is severely wounded.
The gnoll hits you but does no damage.
You hit the gnoll.
The gnoll is severely wounded.
The gnoll hits you with a +0 whip.
* * * LOW HITPOINT WARNING * * *
You hit the gnoll. Your bite misses the gnoll.
The gnoll is almost dead.
The gnoll hits you with a +0 whip.
You die...

#... . # #... ∆ ?.#
... .#.# .. ... #. #.#
#.#..## #.....#
########)##..#
###########....@gg.# #
#.........#.######## ∆
#...........#
#.<>......###
#.........##
#..........###
#............####
#.........##....######
#.........####........


You could see 2 gnolls.

Vanquished Creatures
  A gnoll (D:2)
  A dart slug (D:1)
  3 ball pythons (D:1)
  An endoplasm (D:1)
  A giant cockroach (D:1)
  A goblin (D:2)
  4 hobgoblins (D:1)
  6 jackals (D:1)
  A quokka (D:1)
  A bat (D:2)
  3 frilled lizards
  A kobold (D:1)
  3 rats (D:1)
27 creatures vanquished.

Notes
Turn   | Place    | Note
-------+----------+-------------------------------------------
     0 | D:1      | zazu2006 the Gnoll Wanderer began the quest for the Orb.
     0 | D:1      | zazu2006 set off with the following items: a +0 spear, a +0
                  | chain mail, a +0 buckler, a scroll of blinking.
     0 | D:1      | Reached XP level 1. HP: 17/17 MP: 2/2
   188 | D:1      | Reached XP level 2. HP: 23/23 MP: 3/3
   308 | D:1      | HP: 1/23 [quokka (4)]
   318 | D:1      | HP: 1/23 [constriction (2)]
   397 | D:1      | Reached XP level 3. HP: 12/28 MP: 4/4
   773 | D:2      | Slain by a gnoll

Illustrated notes

Levels and vault maps discovered:
D:1:      evilmike_arrival_crescent, layout_basic, minmay_misc_feat_tower,
          wander_ebering_terrifying_dragon_lair
D:2:      layout_rooms, serial_shops, nicolae_shop_crystal, basic_altar,
          serial_bayou_pond_e

Action                     || total
---------------------------++-------
  Melee: Spear             ||   147
         Bite              ||     9
    Use: Potion            ||     2
         Scroll            ||     1
 Armour: Chain mail        ||   142
  Dodge: Dodged            ||    39
  Block: Buckler           ||    58

Table legend: (Time is in decaauts)
 A = Elapsed time spent in this place.
 B = Non-inter-level travel time spent in this place.
 C = Inter-level travel time spent in this place.
 D = Time resting spent in this place.
 E = Time spent auto-exploring this place.
 F = Levels seen in this place.
 G = Mean time per level.
                   A        B        C        D        E       F      G
               +--------+--------+--------+--------+--------+-----+--------+
         Total |    778 |    778 |      0 |      5 |    375 |   2 |  389.0 |
       Dungeon |    778 |    778 |      0 |      5 |    375 |   2 |  389.0 |
               +--------+--------+--------+--------+--------+-----+--------+

Top non-repeatable levels by time:
     D:1: 696 daAuts
     D:2: 81 daAuts
